 Dungeon Crawl Stone Soup version 0.26.0-10-g1f06aea511 (webtiles) character file.

Game seed: 4348813332877918555

1883 Arum the Shield-Bearer (level 9, -6/85 HPs)
             Began as a Gargoyle Fighter on Jan 18, 2021.
             Killed from afar by Dowan (24 damage)
             ... with a bolt of acid
             ... on level 6 of the Dungeon.
             The game lasted 00:05:07 (4894 turns).

Arum the Shield-Bearer (Gargoyle Fighter)           Turns: 4894, Time: 00:05:08

Health: -6/85      AC: 13    Str: 20 (22) XL:     9   Next: 14%
Magic:  9/9        EV:  8    Int:  9 (10) God:
Gold:   301        SH: 10    Dex: 12 (13) Spells: 8/8 levels left

rFire    . . .     SeeInvis +   y - +4 whip "Ecubog" {vorpal, *Corrode rElec Dex+4 SInv}
rCold    . . .     Faith    .   c - +0 kite shield
rNeg     + . .     Spirit   .   b - +0 scale mail
rPois    ∞         Reflect  .   (no helmet)
rElec    +         Harm     .   (no cloak)
rCorr    .         Rampage  .   t - +1 pair of gloves
Will     .....                  m - +0 pair of boots
Stlth    ..........             x - amulet of the acrobat
HPRegen  0.24/turn              (no ring)
MPRegen  0.11/turn              (no ring)

@: berserking, corroded, very quick
A: negative energy resistance 1, electricity resistance, unbreathing,
petrification resistance, miasma immunity, AC +6
a: no special abilities


You were on level 6 of the Dungeon.
You visited 1 branch of the dungeon, and saw 6 of its levels.

You collected 301 gold pieces.

Inventory:

Hand Weapons
 a - a +0 flail
 y - the +4 whip "Ecubog" (weapon) {vorpal, *Corrode rElec Dex+4 SInv}
   (You found it on level 4 of the Dungeon)

   It inflicts extra damage upon your enemies.
   It affects your dexterity (+4).
   It insulates you from electricity.
   It lets you see invisible.
   It may corrode you when you take damage.
Armour
 b - a +0 scale mail (worn)
 c - a +0 kite shield (worn)
 m - a +0 pair of boots (worn)
 t - a +1 pair of gloves (worn)
Jewellery
 x - an amulet of the acrobat (around neck)
 z - an uncursed ring of protection from fire {unknown}
Wands
 v - a wand of paralysis (2)
 C - a wand of digging (6)
 D - a wand of polymorph (9)
 E - a wand of iceblast (10)
Scrolls
 e - 4 scrolls of remove curse {unknown}
 g - 4 scrolls of identify
 h - 3 scrolls of teleportation
 k - a scroll of amnesia {unknown}
 l - a scroll of immolation {unknown}
 n - a scroll of fog {unknown}
 o - 3 scrolls of fear {unknown}
 r - 2 scrolls of magic mapping {unknown}
 u - a scroll of random uselessness {unknown}
 w - 2 scrolls of noise {unknown}
 B - 2 scrolls of enchant armour {unknown}
Potions
 d - 2 potions of might
 f - a potion of degeneration
 i - a potion of berserk rage
 j - a potion of cancellation {unknown}
 p - 2 potions of brilliance {unknown}
 q - 2 potions of magic
 s - 2 potions of resistance {unknown}
 A - a potion of curing {unknown}


   Skills:
 + Level 7.1 Fighting
 + Level 6.1 Maces & Flails
 + Level 7.1 Armour
 + Level 7.1 Shields


You had 8 spell levels left.
You didn't know any spells.
Your spell library contained the following spells:

 Spells                   Type           Power        Failure   Level
 Magic Dart               Conj           0%           96%         1
 Summon Small Mammal      Summ           0%           96%         1
 Blink                    Tloc           N/A          99%         2
 Call Imp                 Summ           0%           99%         2
 Slow                     Hex            0%           99%         2
 Call Canine Familiar     Summ           0%           100%        3
 Conjure Flame            Conj/Fire      0%           100%        3
 Mephitic Cloud           Conj/Pois/Air  0%           100%        3
 Summon Guardian Golem    Hex/Summ       0%           100%        3
 Cause Fear               Hex            0%           100%        4
 Summon Ice Beast         Ice/Summ       0%           100%        4
 Summon Lightning Spire   Summ/Air       0%           100%        4
 Silence                  Hex/Air        0%           100%        5
 Yara's Violent Unravell  Hex/Tmut       0%           100%        5
 Discord                  Hex            0%           100%        8


Dungeon Overview and Level Annotations

Branches:
Dungeon (6/15)
 Temple: D:4-7

Altars:
Fedhas

Annotations:
D:5 3 runed translucent doors, IHuginn's ghost, novice GnFi
D:6 Dowan


Innate Abilities, Weirdness & Mutations

You are resistant to torment.
Your stone body is resilient. (AC +6)
You are immune to poison.
You resist negative energy. (rN+)
You are resistant to electric shocks. (rElec)
You can survive without breathing.
You are immune to petrification.
You are immune to miasma.


Message History

It was a potion of magic.
Magic courses through your body. Dowan hits you but does no damage.
You block the orc's attack.
Dowan breathes, "And she was my only..."
Dowan hits you but does no damage.
Unknown command.
It was a potion of degeneration.
There was something very wrong with that liquid.
You feel weakened.
You feel dopey.
You feel clumsy. Dowan hits you but does no damage.
The orc hits you but does no damage. Dowan hits you but does no damage.
Unknown command.
It was a potion of berserk rage.
A red film seems to cover your vision as you go berserk!
You feel yourself moving faster!
You feel mighty! Dowan barely misses you. You block the orc's attack.
Unknown command.
You closely miss Dowan.
Dowan is severely wounded.
Dowan zaps a wand.
The bolt of acid hits you!!
You die...

#...##....................
###.###...............(#...
#.....##...................
#...(.##.......#......####.
#..............#....#.#.#..
#####.#.....#.........#...)..
#.#...#....##..)#..##.#......
###..........#eo.#(o###.#......
#.......#....#@####..##..(.....
##.............#...)..(÷...#..#
##..............÷........#####
#...###........##.........#
##....##.........#.........#
##.....##....###....o.......#
#........#.####...............
##.......#.# #.....##..........
##........###..#..........##..


You could see Dowan (fast) and an orc.

Vanquished Creatures
  Grinder (D:6)
  A wyvern (D:6)
  Duvessa (D:6)
  A sky beast (D:5)
  5 ogres
  4 centaurs
  A bullfrog (D:6)
  2 howler monkeys
  4 hounds
  A bullfrog skeleton (D:5)
  An iguana (D:6)
  A centaur skeleton (D:4)
  3 worker ants
  7 adders
  2 shadow imps
  2 white imps (D:6)
  An ooze (D:1)
  An adder zombie (D:5)
  2 worms
  A dart slug (D:3)
  4 leopard geckos
  11 orcs
  8 bats
  5 giant cockroaches
  9 goblins
  6 hobgoblins
  7 jackals
  5 kobolds
  3 quokkas
  2 ball pythons
  3 frilled lizards
  2 leopard gecko skeletons (D:4)
  9 rats
116 creatures vanquished.

Vanquished Creatures (others)
  An orc (D:6)
1 creature vanquished.

Grand Total: 117 creatures vanquished

Notes
Turn   | Place    | Note
-------+----------+-------------------------------------------
     0 | D:1      | Arum the Gargoyle Fighter began the quest for the Orb.
     0 | D:1      | Reached XP level 1. HP: 14/14 MP: 1/1
   140 | D:1      | Reached XP level 2. HP: 16/19 MP: 2/2
  1044 | D:2      | Reached XP level 3. HP: 18/23 MP: 3/3
  1576 | D:2      | Reached XP level 4. HP: 23/29 MP: 4/4
  2098 | D:3      | Reached XP level 5. HP: 33/33 MP: 5/5
  2482 | D:4      | Got a steaming whip
  2484 | D:4      | Identified the +4 whip "Ecubog" {vorpal, *Corrode rElec
                  | Dex+4 SInv} (You found it on level 4 of the Dungeon)
  2536 | D:4      | Noticed an ogre
  2542 | D:4      | Killed an ogre
  2543 | D:4      | Reached XP level 6. HP: 39/39 MP: 6/6
  2904 | D:4      | Reached skill level 5 in Fighting
  2904 | D:4      | Reached skill level 5 in Armour
  2904 | D:4      | Reached skill level 5 in Shields
  3307 | D:4      | Reached XP level 7. HP: 44/44 MP: 7/7
  3434 | D:5      | Entered Level 5 of the Dungeon
  3616 | D:5      | Found a blossoming altar of Fedhas.
  3745 | D:5      | Found a runed translucent gate.
  3745 | D:5      | Found a runed translucent gate.
  3745 | D:5      | Found a runed translucent gate.
  3745 | D:5      | Noticed IHuginn's ghost (novice GnFi)
  3862 | D:5      | Reached XP level 8. HP: 51/51 MP: 8/8
  4119 | D:6      | Noticed a wyvern
  4196 | D:6      | Reached skill level 5 in Maces & Flails
  4283 | D:6      | Killed a wyvern
  4473 | D:6      | Noticed Grinder
  4492 | D:6      | Killed Grinder
  4498 | D:6      | Reached XP level 9. HP: 14/56 MP: 9/9
  4833 | D:6      | Noticed Dowan
  4834 | D:6      | Noticed Duvessa
  4871 | D:6      | Killed Duvessa
  4894 | D:6      | Killed from afar by Dowan

Illustrated notes

Levels and vault maps discovered:
D:1:      wheals_arrival_linesprint, layout_basic, st_stairs_4,
          minmay_box_of_dots
D:2:      layout_rooms
D:3:      layout_basic
D:4:      layout_basic, chequers_serial_rivers_micro_a
D:5:      layout_rooms, gammafunk_ghost_necromancy,
          chequers_serial_rivers_small_a, fedhas_bush_and_centaur_altar
D:6:      layout_cave_pools, serial_column_ruins, column_ruins_grid_1,
          column_ruins_open_small, column_ruins_corridor_corner,
          column_ruins_open_tiny, column_ruins_grid_1, uniq_grinder,
          uniq_duvessa

Skill      XL: |  1  2  3  4  5  6  7  8  9 |
---------------+----------------------------+-----
Armour         | 4 5 6 7 |  7.1
Shields        | 4 5 6 7 |  7.1
Fighting       | 4 5 6 7 |  7.1
Maces & Flails | 3 4 5 6 |  6.1

Action                   |  1- 3 |  4- 6 |  7- 9 || total
-------------------------+-------+-------+-------++-------
Melee: Flail             |   153 |   111 |       ||   264
       Whip              |       |    70 |   189 ||   259
  Use: Scroll            |       |     2 |       ||     2
       Potion            |       |       |     3 ||     3
Armor: Scale mail        |   109 |   122 |    97 ||   328
Dodge: Dodged            |    61 |    97 |    74 ||   232
Block: Kite shield       |   107 |   121 |    88 ||   316
